 Dungeon Crawl Stone Soup version 0.31.0-12-g77e489cdc1 (webtiles) character file.

Game seed: 7409432159343491774

49 hadoken the Gusty (level 3, 0/35 HPs)
             Began as an Oni Air Elementalist on Feb 11, 2024.
             Slain by an orc
             ... wielding a +0 short sword
              (4 damage)
             ... on level 2 of the Dungeon.
             The game lasted 00:02:41 (1125 turns).

hadoken the Gusty (Oni Air Elementalist)            Turns: 1125, Time: 00:02:42

Health: 0/35       AC:  3    Str: 14    XL:     3   Next: 75%
Magic:  6/6        EV:  9    Int: 16    God:
Gold:   61         SH:  0    Dex:  9    Spells: 5/6 levels left

rFire   . .          .
                       - Unarmed
rCold   . . .        (no shield)
rNeg    . . .        a - +0 robe
rPois   .            (helmet restricted)
rElec   .            (no cloak)
rCorr   .            (gloves unavailable)
SInv    .            (boots unavailable)
Will    .....        (no amulet)
Stlth   +            (no ring)
HPRegen 0.25/turn    (no ring)
MPRegen 0.10/turn

%: no passive effects
@: about to teleport
A: large, unfitting armour, horns 1, tough skin 1, double potion healing,
drunken brawling
a: no special abilities


You were on level 2 of the Dungeon.
You visited 1 branch of the dungeon, and saw 2 of its levels.

You collected 61 gold pieces.

Inventory:

Missiles
 c - 3 poisoned darts
Armour
 a - a +0 robe (worn)
 d - a +0 pair of gloves
Scrolls
 e - a scroll of immolation {unknown}
 f - a scroll of vulnerability {unknown}
 g - a scroll of teleportation
 h - a scroll of revelation {unknown}
 i - a scroll of identify {unknown}
Potions
 b - a potion of magic


   Skills:
 + Level 1.9 Fighting
 - Level 1.7 Dodging
 - Level 1.4 Stealth
 + Level 2.1 Unarmed Combat
 - Level 2.4 Spellcasting
 - Level 0.8 Conjurations
 - Level 3.0 Air Magic


You had 5 spell levels left.
You knew the following spells:

 Your Spells              Type           Power      Damage    Failure   Level
a - Shock                 Conj/Air       32%        1d5       9%          1

Your spell library contained the following spells:

 Spells                   Type           Power      Damage    Failure   Level
 Static Discharge         Conj/Air       16%        3-4/arc   14%         2
 Swiftness                Air            11%        N/A       17%         3
 Airstrike                Air            5%         2d(1-17)  50%         4


Dungeon Overview and Level Annotations

Branches:
Dungeon (2/15)

Altars:

Shops:
D:1 =


Innate Abilities, Weirdness & Mutations

You are too large for most types of armour.
You have a pair of small horns on your head.
You have tough skin. (AC +1)
You gain doubled healing and magic from potions.
Whenever you drink a healing potion, you attack all around you.


Message History

The zap hits the orc.
The orc is heavily wounded.
The zap misses the orc.
The zap hits you.
You feel sick. The orc hits you with a +0 short sword.
The orc hits you with a +0 club.
You feel sick.
You are no longer poisoned.
The orc hits you with a +0 short sword.
* * * LOW HITPOINT WARNING * * *
Casting: Shock (safe; 9% risk of failure)
Confirm with . or Enter, or press ? or * to list all spells.
Aiming: Shock (safe; 9% risk of failure)
Press: ? - help, Shift-Dir - straight line, f - orc
Aim: an orc, wielding a +0 short sword (68% to hit)
The zap hits the orc.
The orc is moderately wounded.
The orc barely misses you. The orc hits you with a +0 short sword.
* * * LOW HITPOINT WARNING * * *
Casting: Shock (safe; 9% risk of failure)
Confirm with . or Enter, or press ? or * to list all spells.
Aiming: Shock (safe; 9% risk of failure)
Press: ? - help, Shift-Dir - straight line, f/p - orc
Aim: an orc, wielding a +0 short sword (moderately wounded, 68% to hit)
The zap misses the orc.
The orc barely misses you. The orc hits you but does no damage.
Your magical contamination has completely faded away.
Unknown command.
As you read the scroll labelled JIEF HUULEXI, it crumbles to dust.
You feel strangely unstable.
It was a scroll of teleportation.
The orc hits you with a +0 club.
* * * LOW HITPOINT WARNING * * *
The orc closely misses you.
Unknown command.
You take a swig of the potion and flex your muscles.
You barely miss the orc.
The orc is moderately wounded.
You hit the orc but do no damage.
The orc is heavily wounded.
Magic courses through your body. The orc closely misses you.
The orc hits you with a +0 short sword.
You die...

.. #.#####.....
....#.#<..#...#
....#.........#.
................
..............#.
..............#
.............##
.....#.......#
#.##.#@......# #
#oo....##
#..K†....+
.....#o.....#
#.###..†.......
# #.##....... #.
<....... #.
......# ..
......#


You could see an orc wizard, 2 orcs and a kobold.

Vanquished Creatures
  An adder (D:2)
  2 dart slugs (D:2)
  4 bats
  An endoplasm (D:1)
  A giant cockroach (D:1)
  3 goblins (D:1)
  4 hobgoblins (D:1)
  2 jackals (D:1)
  A quokka (D:1)
  5 ball pythons (D:1)
  3 frilled lizards (D:1)
  5 kobolds (D:1)
  2 rats (D:1)
34 creatures vanquished.

Notes
Turn   | Place    | Note
-------+----------+-------------------------------------------
     0 | D:1      | hadoken the Oni Air Elementalist began the quest for the
                  | Orb.
     0 | D:1      | Reached XP level 1. HP: 16/16 MP: 3/3
    36 | D:1      | Reached skill level 3 in Air Magic
   139 | D:1      | Reached XP level 2. HP: 20/24 MP: 0/5
   211 | D:1      | Reached skill level 1 in Unarmed Combat
   393 | D:1      | Found Sistel's Jewellery Emporium.
   442 | D:1      | Reached skill level 1 in Fighting
   498 | D:1      | Reached XP level 3. HP: 11/33 MP: 3/6
   790 | D:1      | Found a faded altar of an unknown god.
  1125 | D:2      | Slain by an orc

Illustrated notes

Levels and vault maps discovered:
D:1:      dpeg_arrival_lava_altar, layout_rooms, serial_shops, shop,
          dilly_ecumenical_altar_fadedgnrine
D:2:      layout_basic

Skill      XL: |  1  2  3 |
---------------+----------+-----
Air Magic      | 3 |  3.0
Unarmed Combat | 1 2 |  2.1
Fighting       | 1 |  1.9
Dodging        | |  1.7
Stealth        | |  1.4
Spellcasting   | |  2.4
Conjurations   | |  0.8

Action                     || total
---------------------------++-------
  Melee: Unarmed           ||    64
         Headbutt          ||     9
         Punch             ||     1
   Cast: Shock             ||    47
    Use: Potion            ||     2
         Scroll            ||     1
 Armour: Robe              ||    67
  Dodge: Dodged            ||    43
